 Dungeon Crawl Stone Soup version 0.28-a0-245-g639a1a48b9 (webtiles) character file.

Game seed: 14867019489807633275

1136 Spaninq the Shield-Bearer (level 8, -2/68 HPs)
             Began as a Purple Draconian Fighter on Aug 24, 2021.
             Slain by a human (9 damage)
             ... on level 6 of the Dungeon.
             The game lasted 00:12:27 (5378 turns).

Spaninq the Shield-Bearer (DrFi)                    Turns: 5378, Time: 00:12:27

Health: -2/68      AC:  8    Str: 21    XL:     8   Next: 14%
Magic:  8/8        EV: 12    Int:  8    God:
Gold:   171        SH: 10    Dex: 17    Spells: 7/7 levels left

rFire   . . .      SeeInvis .   t - +1 broad axe
rCold   . . .      Faith    .   b - +0 kite shield
rNeg    . . .      Spirit   .   (armour unavailable)
rPois   .          Reflect  .   (helmet restricted)
rElec   .          Harm     .   (no cloak)
rCorr   .          Rampage  .   f - +0 pair of gloves
Will    ++...                   u - +0 pair of boots
Stlth   ++........              (no amulet)
HPRegen 0.21/turn               e - ring of willpower
MPRegen 0.11/turn               q - +6 ring of dexterity

@: no status effects
A: breathe power, AC +6, unfitting armour, cold-blooded
a: Breathe Dispelling Energy


You were on level 6 of the Dungeon.
You visited 1 branch of the dungeon, and saw 8 of its levels.

You collected 171 gold pieces.

Inventory:

Hand Weapons
 t - a +1 broad axe (weapon)
Armour
 b - a +0 kite shield (worn)
 f - a +0 pair of gloves (worn)
 u - a +0 pair of boots (worn)
Jewellery
 e - a ring of willpower (left hand)
 q - a +6 ring of dexterity (right hand)
Scrolls
 h - a scroll of fear
 j - 3 scrolls of identify
 o - 2 scrolls of teleportation
Potions
 c - a potion of might
 g - 2 potions of brilliance {unknown}
 i - a potion of heal wounds
 k - 2 potions of mutation {unknown}
 l - a potion of curing {unknown}
 m - a potion of magic {unknown}
 n - 2 potions of resistance {unknown}
 r - 2 potions of ambrosia
 s - a potion of flight {unknown}


   Skills:
 + Level 5.3 Fighting
 * Level 5.9 Axes
 + Level 4.4 Dodging
 * Level 6.3 Shields


You had 7 spell levels left.
You didn't know any spells.
Your spell library contained the following spells:

 Spells                   Type           Power      Damage    Failure   Level
 Magic Dart               Conj           0%         1d3       78%         1
 Call Imp                 Summ           0%         N/A       89%         2
 Corpse Rot               Necr/Air       N/A        N/A       89%         2
 Dazzling Flash           Conj/Hex       0%         N/A       98%         3
 Inner Flame              Hex/Fire       0%         N/A       98%         3
 Mephitic Cloud           Conj/Pois/Air  0%         N/A       98%         3
 Stone Arrow              Conj/Erth      0%         3d7       98%         3
 Cause Fear               Hex            0%         N/A       100%        4
 Dispel Undead            Necr           0%         3d6       100%        4
 Agony                    Necr           0%         N/A       100%        5
 Silence                  Hex/Air        0%         N/A       100%        5
 Death Channel            Necr           0%         N/A       100%        6
 Discord                  Hex            0%         N/A       100%        8
 Lehudib's Crystal Spear  Conj/Erth      0%         10d2      100%        8
 Animate Armour           Summ/Erth      Unusable   N/A       N/A         4

Dungeon Overview and Level Annotations

Branches:
Dungeon (8/15)
 Temple: D:4-7         Lair: D:8-11

Altars:
Cheibriados
Hepliaklqana
Wu Jian

Annotations:
D:2 Sigmund


Innate Abilities, Weirdness & Mutations

You can breathe bolts of dispelling energy.
Your rich purple scales are hard. (AC +6)
You cannot fit into any form of body armour.
You are cold-blooded and may be slowed by cold attacks.


Message History

Press: ? - help, Shift-Dir - straight line, f - human
Aim: a human, wielding a +0 club and wearing a +0 leather armour You breathe a bolt of dispelling energy.
The bolt of dispelling energy hits the human.
The human is severely wounded.
The bolt of dispelling energy misses the human. x2
The human hits you.
You miss the human.
The human is severely wounded.
The human hits you.
You barely miss the human.
The human is severely wounded.
You hear the slow rusting of a very distant drain.
You hear the slow hiss of a very distant avalanche of sand.
You block the human's attack. The human barely misses you.
You miss the human. You tail-slap the human.
The human is severely wounded.
The human hits you.
You slash the human!
You kill the human!
You block the human's attack.
You closely miss the human. The human hits you with a +0 flail!
* * * LOW HITPOINT WARNING * * *
You have got your breath back.
You miss the human. You block the human's attack.
The human hits you with a +0 flail!
* * * LOW HITPOINT WARNING * * *
You barely miss the human. You block the human's attack.
You hit the human.
The human is lightly wounded.
The human hits you but does no damage. The human barely misses you.
You closely miss the human.
You tail-slap the human, but do no damage.
The human is lightly wounded.
The human hits you with a +0 flail.
* * * LOW HITPOINT WARNING * * *
You closely miss the human.
The human is lightly wounded.
The human hits you with a +0 flail!
You die...

# # #.#########
#####
#.....@ppp#
#...p
#########.####
#...# #..p.#
#...#
####.######...#
#....p).....
#######.....
#..... #.....
######


You could see 3 humans.

Vanquished Creatures
  2 humans (D:6)
  Duvessa (D:4)
  A necrophage (D:6)
  2 ogres
  A centaur (D:7)
  2 scorpions
  Dowan (D:4)
  A bullfrog skeleton (D:5)
  An iguana (D:5)
  An orc wizard (D:4)
  2 hound skeletons
  4 adders
  A shadow imp (D:4)
  A white imp (D:5)
  An ufetubus (D:4)
  2 worms (D:3)
  2 dart slugs
  7 orcs
  4 ball pythons
  12 endoplasms
  4 giant cockroaches
  5 goblins
  9 hobgoblins
  10 jackals
  5 quokkas
  5 bats
  2 frilled lizards
  6 kobolds
  5 rats
100 creatures vanquished.

Notes
Turn   | Place    | Note
-------+----------+-------------------------------------------
     0 | D:1      | Spaninq the Draconian Fighter began the quest for the Orb.
     0 | D:1      | Reached XP level 1. HP: 19/19 MP: 1/1
   228 | D:1      | Reached XP level 2. HP: 26/26 MP: 2/2
   657 | D:1      | Reached XP level 3. HP: 30/31 MP: 3/3
  1185 | D:1      | Found a faded altar of an unknown god.
  1390 | D:2      | Noticed Sigmund
  1719 | D:2      | Reached XP level 4. HP: 40/40 MP: 4/4
  2674 | D:3      | Reached skill level 4 in Shields
  3182 | D:4      | Reached XP level 5. HP: 46/46 MP: 5/5
  3337 | D:4      | Noticed Duvessa
  3338 | D:4      | Noticed Dowan
  3345 | D:4      | Killed Duvessa
  3358 | D:4      | Killed Dowan
  3359 | D:4      | Reached XP level 6. HP: 29/52 MP: 6/6
  3598 | D:4      | Found a hazy altar of Hepliaklqana.
  3602 | D:4      | Found a snail-covered altar of Cheibriados.
  3605 | D:4      | Found an ornate altar of the Wu Jian Council.
  4481 | D:4      | Reached skill level 5 in Shields
  4707 | D:5      | Entered Level 5 of the Dungeon
  4985 | D:5      | Your scales start taking on a rich purple colour.
  4985 | D:5      | Reached XP level 7. HP: 45/60 MP: 7/7
  5109 | D:5      | Reached skill level 5 in Axes
  5163 | D:5      | You fall into a shaft and drop 3 floors!
  5328 | D:6      | Noticed a human
  5328 | D:6      | Noticed a human
  5328 | D:6      | Noticed a human
  5329 | D:6      | Noticed a human
  5339 | D:6      | Noticed a human
  5351 | D:6      | Killed a human
  5352 | D:6      | Reached skill level 5 in Fighting
  5352 | D:6      | Reached skill level 6 in Shields
  5357 | D:6      | Reached XP level 8. HP: 31/68 MP: 8/8
  5378 | D:6      | Slain by a human

Illustrated notes

Levels and vault maps discovered:
D:1:      dpeg_arrival_rhombi, layout_basic, shapermc_ecumenical_altar_pompeii,
          minmay_three_crescents
D:2:      layout_basic, uniq_sigmund
D:3:      layout_basic
D:4:      layout_loops_ring, minmay_overflow_temple_star_quad,
          minmay_small_thing, uniq_duvessa
D:5:      layout_basic, dk_noncrumbling_3, minmay_bent
D:6:      layout_loops_ring, gup_ossuary_entry_pyramid,
          gammafunk_ghost_necromancy, gup_sewer_entry_glass, minmay_ruffians,
          uniq_blork_the_orc
D:7:      layout_cave_pods, minmay_temple_entry_trees
D:8:      layout_rooms, lemuel_tele_altar, erik_lair_orcish_takeover

Skill      XL: |  1  2  3  4  5  6  7 |
---------------+----------------------+-----
Dodging        | 3 4 |  4.4
Axes           | 3 4 5 |  5.9
Shields        | 4 5 6 |  6.3
Fighting       | 4 5 |  5.3

Action                   |  1- 3 |  4- 6 |  7- 9 || total
-------------------------+-------+-------+-------++-------
Melee: War axe           |   114 |   117 |       ||   231
       Tailslap          |    13 |    22 |    10 ||    45
       Broad axe         |       |    26 |    39 ||    65
 Abil: Breathe Dispellin |       |       |     3 ||     3
  Use: Potion            |       |     1 |       ||     1
       Scroll            |       |       |     6 ||     6
 Stab: Sleeping          |     2 |     3 |       ||     5
Armor: Skin              |    31 |    47 |    17 ||    95
Dodge: Dodged            |    50 |    44 |    25 ||   119
Block: Kite shield       |    45 |    79 |    25 ||   149

Table legend: (Time is in decaauts)
 A = Elapsed time spent in this place.
 B = Non-inter-level travel time spent in this place.
 C = Inter-level travel time spent in this place.
 D = Time resting spent in this place.
 E = Time spent auto-exploring this place.
 F = Levels seen in this place.
 G = Mean time per level.
                   A        B        C        D        E       F      G
               +--------+--------+--------+--------+--------+-----+--------+
         Total |   5546 |   5196 |    350 |    492 |   3357 |   8 |  693.2 |
       Dungeon |   5546 |   5196 |    350 |    492 |   3357 |   8 |  693.2 |
               +--------+--------+--------+--------+--------+-----+--------+

Top non-repeatable levels by time:
     D:3: 1552 daAuts
     D:1: 1339 daAuts
     D:4: 1289 daAuts
     D:2: 763 daAuts
     D:5: 374 daAuts
     D:7: 145 daAuts
     D:6: 71 daAuts
     D:8: 9 daAuts
